 Dungeon Crawl Stone Soup version 0.21-a0-426-g98080a9 (webtiles) character file.

35 mastercheaf21 the Cudgeler (level 3, -4/33 HPs)
             Began as a Minotaur Berserker on Nov 6, 2017.
             Was a Believer of Trog.
             Slain by a kobold
             ... wielding a +0 whip of electrocution
              (17 damage)
             ... on level 2 of the Dungeon.
             The game lasted 00:04:04 (993 turns).

mastercheaf21 the Cudgeler (Minotaur Berserker)      Turns: 993, Time: 00:04:05

Health: -4/33      AC:  5    Str: 22    XL:     3   Next: 17%
Magic:  2/2        EV: 11    Int:  4    God:    Trog [**....]
Gold:   60         SH:  0    Dex:  9    Spells: 2/2 levels left

rFire    . . .     SeeInvis .   a - +0 mace
rCold    . . .     Gourm    .   (no shield)
rNeg     . . .     Faith    .   g - +0 ring mail
rPois    .         Spirit   .   (helmet restricted)
rElec    .         Reflect  .   (no cloak)
rCorr    .         Harm     .   (no gloves)
MR       .....                  (no boots)
Stlth    ..........             (no amulet)
HPRegen  0.11/turn              (no ring)
MPRegen  0.08/turn              (no ring)

@: no status effects
A: retaliatory headbutt, horns 2
a: Berserk, Trog's Hand, Burn Spellbooks, Renounce Religion


You were on level 2 of the Dungeon.
You worshipped Trog.
Trog was pleased with you.
You were not hungry.

You visited 1 branch of the dungeon, and saw 2 of its levels.

You collected 60 gold pieces.

Inventory:

Hand Weapons
 a - a +0 mace (weapon)
Armour
 b - a +0 animal skin
 g - a +0 ring mail (worn)
Scrolls
 e - 3 scrolls of amnesia {unknown}
 f - 3 scrolls of enchant armour {unknown}
 i - 2 scrolls of identify {unknown}
 k - a scroll of teleportation {unknown}
Potions
 j - a potion of heal wounds {unknown}
Comestibles
 c - a bread ration
 d - 4 chunks of flesh
 h - a royal jelly


   Skills:
 + Level 4.2 Fighting
 * Level 4.7 Maces & Flails
 - Level 2.4 Armour
 - Level 2.2 Dodging


You had 2 spell levels left.
You didn't know any spells.

Dungeon Overview and Level Annotations

Branches:
Dungeon (2/15)

Altars:
Vehumet


Innate Abilities, Weirdness & Mutations

You reflexively headbutt those who attack you in melee.
You have a pair of horns on your head.


Message History

The bat hits you but does no damage.
The kobold throws a stone.
The stone hits you but does no damage.
You see here a stone.
You thump the bat!
You kill the bat!
Trog accepts your kill.
The kobold throws a stone.
The stone hits you but does no damage.
The kobold throws a stone.
The stone hits you but does no damage.
Things that are here:
a stone; a bat corpse
k - a scroll labeled ERA YSTREPSYTT The kobold barely misses you.
The kobold hits you with a whip of electrocution.
You are electrocuted!
Things that are here:
a stone; a bat corpse You hit the kobold but do no damage.
The kobold hits you but does no damage.
You are electrocuted!
Ouch! That really hurt!
You die...

###.### # ####. #.....#
.# #.... #.#.#.###.#
#.##. #>#.#.#...# #.#[.
#.#####.......######.#.#
#.........#.............
#########.##########.#..
#....##........ #.#..
#....@(.####### #.#..
####.K(........ #.#..
###......... #.#.#
#.#######. #.#.# #.#
#.#.. #.# #.. #.. #..


You could see a kobold.

Vanquished Creatures
  A ball python (D:1)
  2 giant cockroaches
  3 goblins (D:1)
  6 hobgoblins
  3 jackals (D:1)
  6 bats
  5 frilled lizards
  A kobold (D:2)
  6 rats (D:1)
33 creatures vanquished.

Notes
Turn   | Place    | Note
-------+----------+-------------------------------------------
     0 | D:1      | mastercheaf21 the Minotaur Berserker began the quest for the Orb.
     0 | D:1      | Reached XP level 1. HP: 19/19 MP: 0/0
    84 | D:1      | Reached XP level 2. HP: 23/27 MP: 1/1
   617 | D:1      | Found a radiant altar of Vehumet.
   808 | D:2      | Reached XP level 3. HP: 33/33 MP: 2/2
   943 | D:2      | Reached ** piety under Trog
   993 | D:2      | Slain by a kobold

Vault maps used:
D:1:      minmay_arrival_semitransparent, kennysheep_flooded_box

Skill      XL: |  1  2 |
---------------+-------+-----
Maces & Flails | 4 |  4.7
Fighting       | 4 |  4.2
Armour         | |  2.4
Dodging        | |  2.2

Action                   || total
-------------------------++-------
Melee: Mace              ||    40
       Headbutt          ||     9
Invok: Burn Spellbooks   ||     1
Armor: Animal skin       ||    12
       Ring mail         ||    12
Dodge: Dodged            ||    39

Table legend:
 A = Spawn XP
 B = Non-spawn XP
 C = Spawn XP percentage of total XP
 D = Spawn monster count
 E = Non-spawn monster count
 F = Spawn count percentage of total count
 G = Total turns spent on level
                    A         B        C        D         E        F      G
               +---------+---------+-------+---------+---------+-------+---------
         Total |       0 |      51 |   0.0 |       0 |      33 |   0.0 |   993
               +---------+---------+-------+---------+---------+-------+---------
           D:1 |       0 |      40 |   0.0 |       0 |      26 |   0.0 |   800
           D:2 |       0 |      11 |   0.0 |       0 |       7 |   0.0 |   193
               +---------+---------+-------+---------+---------+-------+---------
